Map: Solaris LE

Players

Psyop - Winner!

  • Race: Terran Terran
  • League: Diamond
  • Spawn Location: 1:00

Entropy

  • Race: Zerg Zerg
  • League: Diamond
  • Spawn Location: 7:00

VOD

Have the link to the VOD?

Description

Time

  • Played on: Dec. 27, 2023, 5:14 p.m.
  • Length: 22:35
Show
View Real Time Build Order
Export as new Build Order

Psyop Terran - Winner!

Build Orders: Mech 

Get SALT Encoding   

  12  0:00  SCV  
  13  0:12  SCV  
  14  0:17  Supply Depot  
  14  0:25  SCV  
  15  0:29  Refinery  
  15  0:41  Barracks  
  15  0:48  SCV  
  16  1:00  SCV  
  17  1:12  SCV  
  18  1:24  SCV  
  19  1:29  Marine  
  20  1:40  Command Center  
  20  1:44  SCV  
  21  1:47  Marine  
  22  1:55  Supply Depot  
  22  2:21  Supply Depot  
  22  2:24  Marine  
  22  2:26  Orbital Command  
  23  2:33  Factory  
  23  2:36  Refinery  
  23  2:44  Bunker  
  23  2:47  Reaper  
  24  2:51  SCV  
  25  3:01  Orbital Command  
  25  3:19  Refinery  
  25  3:20  SCV  
  25  3:22  Factory Tech Lab  
  25  3:26  Starport  
  26  3:28  SCV  
  27  3:37  SCV  
  27  3:40  SCV  
  29  3:42  Engineering Bay  
  29  3:44  Siege Tank  
  29  3:46  Marine  
  33  3:49  SCV  
  33  3:52  SCV  
  35  4:01  SCV  
  36  4:04  SCV  
  37  4:37  Starport Tech Lab  
  37  4:38  Siege Tank  
  40  4:55  Armory  
  40  4:56  Command Center, Armory  
  40  4:59  Factory  
  40  5:00  Factory  
  40  5:05  Factory  
  40  5:15  SCV x2  
  42  5:22  Marine  
  42  5:24  Siege Tank  
  42  5:25  Banshee  
  49  5:34  Refinery  
  49  5:45  Factory Tech Lab x2  
  49  5:48  Factory Tech Lab  
  49  5:50  Missile Turret  
  49  5:53  Terran Vehicle Weapons Level 1  
  49  5:56  Terran Vehicle And Ship Armor Level 1  
  49  6:00  Missile Turret  
  49  6:08  Missile Turret  
  49  6:09  Orbital Command  
  49  6:10  SCV x2  
  51  6:12  Banshee  
  54  6:22  SCV x2  
  54  6:25  Siege Tank  
  59  6:30  Hellbat  
  59  6:32  Hellbat  
  63  6:33  Hellbat  
  63  6:34  SCV  
  66  6:48  Missile Turret  
  66  6:49  Missile Turret  
  66  6:53  Missile Turret x2  
  66  7:17  Thor  
  66  7:18  Supply Depot  
  66  7:19  Supply Depot  
  72  7:26  Missile Turret  
  72  7:30  Hi-Sec Auto Tracking  
  72  7:31  Missile Turret  
  72  7:38  Banshee  
  75  7:44  Thor  
  75  7:48  Thor  
  87  7:52  Supply Depot  
  87  7:55  Terran Vehicle Weapons Level 2  
  87  8:00  SCV x3  
  89  8:13  Missile Turret  
  89  8:17  Supply Depot  
  89  8:20  Terran Vehicle And Ship Armor Level 2  
  89  8:22  Hellbat  
  89  8:23  Hellbat  
  93  8:27  Neosteel Armor  
  93  8:35  Raven  
  93  8:38  Hellbat  
  93  8:39  Hellbat  
  99  8:49  Missile Turret  
  99  8:52  Missile Turret  
  99  8:57  Missile Turret  
  99  9:00  Supply Depot  
  99  9:02  Missile Turret  
  99  9:03  Supply Depot  
  99  9:09  Supply Depot  
  99  9:11  Infernal Pre-Igniter  
  99  9:17  Hyperflight Rotors  
  99  9:22  Thor  
  99  9:24  Siege Tank, Hellbat  
  108  9:25  Hellbat  
  112  9:34  Banshee  
  115  9:39  SCV  
  115  9:40  SCV  
  115  9:41  SCV  
  118  9:57  Bunker  
  118  10:09  Thor  
  118  10:11  Siege Tank  
  118  10:12  Hellbat  
  118  10:13  Hellbat  
  131  10:33  Marine  
  132  10:39  Missile Turret  
  132  10:44  Siege Tank, Hellbat, Supply Depot  
  132  10:46  Supply Depot  
  132  10:48  Supply Depot x2  
  137  10:51  Marine  
  137  10:53  Hellbat  
  140  10:58  Terran Vehicle Weapons Level 3  
  140  11:05  Thor  
  140  11:06  Hellbat, Supply Depot  
  148  11:14  Hellbat  
  150  11:33  Missile Turret  
  150  11:38  Thor  
  150  11:39  Siege Tank  
  159  11:40  Hellbat  
  159  11:41  Banshee  
  164  11:55  Missile Turret  
  164  12:08  Factory, Supply Depot  
  164  12:09  Supply Depot  
  164  12:15  Missile Turret  
  164  12:20  Thor  
  164  12:21  Hellbat  
  164  12:22  Hellbat  
  174  12:35  Orbital Command  
  174  12:50  Missile Turret  
  174  12:56  Missile Turret  
  174  13:06  Missile Turret x2  
  174  13:15  Thor  
  174  13:16  Thor  
  186  13:24  Missile Turret  
  182  14:15  Factory  
  182  14:17  Refinery x2  
  182  14:19  Missile Turret  
  182  14:32  Terran Vehicle And Ship Armor Level 3  
  182  14:34  Thor  
  182  14:35  Thor  
  194  14:39  Siege Tank  
  197  14:47  Hellbat  
  136  15:10  Thor  
  136  15:11  Siege Tank, Banshee  
  148  15:18  Hellbat  
  150  15:48  Factory  
  150  15:49  Factory  
  150  15:50  Factory  
  150  15:56  Factory  
  150  16:05  Missile Turret  
  133  16:36  Missile Turret  
  133  16:39  Factory  
  133  16:44  Supply Depot  
  133  16:47  Missile Turret  
  133  16:52  Supply Depot  
  133  16:58  Siege Tank, Thor  
  133  16:59  Siege Tank, Hellbat  
  147  17:03  Hellbat x2  
  147  17:07  Factory Reactor  
  147  17:08  Factory Tech Lab  
  151  17:09  Factory Tech Lab  
  151  17:12  Supply Depot  
  151  17:13  Supply Depot  
  151  17:18  Missile Turret  
  151  17:23  Missile Turret  
  151  17:41  Missile Turret  
  151  17:44  Thor  
  151  17:45  Thor  
  151  17:46  Siege Tank  
  151  17:47  Siege Tank, Thor  
  151  17:48  Thor  
  151  17:49  Hellbat x3  
  151  17:50  Hellbat x2  
  191  17:55  Missile Turret  
  182  18:18  Thor  
  182  18:19  Siege Tank  
  182  18:57  Missile Turret  
  182  19:09  Thor  
  188  19:10  Siege Tank x2  
  188  19:11  Hellbat x3  
  188  19:14  Orbital Command  
  178  19:33  Raven  
  178  19:37  Hellbat x4  
  178  19:38  Hellbat x4  
  196  19:45  Refinery  
  196  19:47  Refinery  
  172  20:37  Siege Tank  
  172  20:38  Siege Tank x2, Hellbat x2  
  172  20:39  Hellbat x6  
  197  21:00  Hellbat  
  171  21:56  Siege Tank x3  
  171  21:57  Hellbat x4  
  171  21:58  Hellbat x2  
Show
View Real Time Build Order
Export as new Build Order

Entropy Zerg 

Build Orders: Hatch First 

Get SALT Encoding   

  12  0:00  Drone  
  13  0:12  Overlord  
  13  0:17  Drone  
  14  0:32  Drone x2  
  16  0:48  Hatchery  
  15  0:51  Drone  
  15  0:54  Drone  
  17  0:58  Drone  
  18  1:08  Drone  
  18  1:09  Extractor  
  18  1:18  Spawning Pool  
  18  1:23  Drone  
  18  1:29  Drone  
  19  1:39  Drone  
  20  1:49  Drone  
  21  2:05  Queen x2  
  21  2:06  Zergling x4  
  27  2:12  Overlord  
  27  2:14  Drone  
  28  2:22  Hatchery  
  27  2:31  Drone  
  28  2:55  Overlord  
  28  2:58  Overlord  
  28  3:01  Overlord  
  28  3:13  Queen  
  28  3:14  Drone x5  
  28  3:16  Metabolic Boost  
  35  3:23  Drone  
  35  3:24  Drone x2  
  38  3:33  Drone x2  
  40  3:38  Drone  
  40  3:39  Drone x2  
  43  3:42  Queen x2  
  47  3:49  Drone x3  
  47  3:53  Queen  
  52  4:04  Drone x5  
  57  4:12  Drone  
  57  4:24  Baneling Nest  
  57  4:25  Drone  
  57  4:26  Overlord  
  57  4:28  Overlord  
  57  4:29  Overlord  
  57  4:44  Queen x2  
  63  4:47  Drone x9  
  63  4:52  Lair  
  70  5:01  Zergling x2  
  70  5:02  Zergling x4  
  70  5:05  Overlord x3  
  70  5:06  Extractor, Overlord  
  72  5:07  Extractor  
  72  5:10  Spore Crawler  
  72  5:11  Spore Crawler  
  72  5:13  Spore Crawler  
  68  5:15  Hatchery  
  68  5:18  Drone x6  
  73  5:27  Drone x6  
  79  5:32  Zergling x2  
  79  5:34  Drone  
  81  5:41  Extractor  
  80  5:44  Extractor  
  80  5:45  Extractor  
  78  5:53  Overseer x2  
  78  5:56  Drone  
  78  5:57  Drone x13  
  86  5:58  Hatchery  
  86  6:02  Overseer  
  91  6:05  Pneumatized Carapace  
  91  6:08  Zergling x2  
  92  6:12  Overseer  
  92  6:15  Overseer  
  92  6:20  Drone x7  
  99  6:29  Spire  
  99  6:30  Hatchery  
  97  6:38  Roach Warren, Centrifugal Hooks  
  96  6:40  Zergling x14  
  96  6:42  Drone, Evolution Chamber  
  96  6:43  Evolution Chamber  
  102  7:02  Zergling x20  
  112  7:14  Overlord x2  
  112  7:15  Overlord x7  
  111  7:26  Zerg Missile Weapons Level 1  
  111  7:27  Zerg Melee Weapons Level 1  
  111  7:28  Glial Reconstitution  
  111  7:38  Roach x15  
  111  7:43  Overseer  
  111  7:44  Overseer  
  141  7:50  Baneling x8  
  141  7:51  Baneling x6  
  141  8:00  Queen  
  141  8:01  Zerg Flyer Weapons Level 1  
  141  8:05  Ravager x2  
  145  8:09  Extractor, Drone x8  
  145  8:10  Drone x7, Extractor  
  145  8:11  Drone  
  159  8:22  Ravager  
  159  8:23  Ravager x3  
  163  8:41  Infestation Pit  
  162  8:43  Extractor  
  162  8:44  Extractor  
  160  8:51  Ravager x2  
  160  8:52  Ravager x3  
  165  9:01  Spore Crawler  
  164  9:20  Corruptor x5  
  174  9:28  Baneling x5  
  174  9:31  Extractor, Hatchery  
  172  9:34  Extractor  
  170  9:38  Overseer  
  170  9:52  Ravager x4  
  174  9:55  Roach x2, Zerg Flyer Armor Level 1  
  174  9:57  Drone  
  174  9:58  Overlord x5  
  179  10:18  Overseer  
  179  10:24  Roach x9  
  179  10:25  Drone x2  
  179  10:27  Zerg Melee Weapons Level 2, Hive  
  179  10:28  Zerg Missile Weapons Level 2  
  199  11:04  Burrow  
  199  11:43  Hatchery  
  198  13:03  Drone x2  
  158  13:43  Zergling x10  
  158  13:44  Zergling x8, Roach x8  
  170  13:56  Baneling x6  
  170  13:57  Zergling x8, Baneling  
  170  13:58  Zergling x52  
  200  14:30  Baneling x17  
  200  14:31  Baneling x5  
  137  15:02  Roach x10  
  137  15:03  Zergling x18  
  137  15:04  Zergling x56  
  137  15:05  Zergling x6  
  195  15:16  Zerg Melee Weapons Level 3  
  195  15:17  Zerg Missile Weapons Level 3  
  195  15:18  Adrenal Glands  
  195  15:22  Ravager x3  
  195  15:24  Baneling  
  195  15:25  Baneling x12  
  198  15:30  Baneling x8  
  198  15:31  Baneling x10  
  198  15:33  Ravager x4  
  200  15:47  Baneling  
  200  15:48  Baneling x11  
  130  16:16  Roach x8  
  130  16:17  Zergling x14, Roach x12  
  130  16:18  Zergling x38  
  177  16:34  Drone  
  177  16:35  Drone x2  
  180  16:41  Baneling x17  
  180  16:42  Baneling x10  
  180  16:43  Extractor, Ravager x15  
  180  16:44  Extractor  
  180  16:45  Extractor, Baneling, Hatchery  
  180  16:46  Extractor, Baneling x3  
  190  17:16  Hatchery  
  177  17:59  Hatchery  
  177  18:00  Unknown  
  130  18:18  Corruptor x4  
  130  18:19  Corruptor x11  
  126  18:25  Zergling x20  
  126  18:26  Zergling x56  
  126  18:27  Zergling x18  
  173  18:38  Drone x5  
  178  18:41  Drone x3  
  178  18:42  Drone x3  
  184  18:54  Zergling x32  
  200  18:57  Baneling x7  
  200  18:58  Baneling x4  
  200  18:59  Baneling x5  
  198  19:05  Baneling x5  
  138  19:29  Roach x4  
  138  19:30  Roach x19  
  163  19:33  Infestor  
  163  19:34  Infestor x5  
  161  19:54  Zergling x34  
  161  19:55  Zergling x12  
  161  19:58  Ravager x4  
  191  20:00  Ravager x2  
  191  20:01  Ravager x4  
  110  20:31  Roach  
  110  20:32  Roach x25  
  110  20:33  Roach x2  
  140  20:46  Roach  
  140  20:47  Roach x10  
  93  21:12  Roach x9  
  93  21:13  Roach x10  
  113  21:25  Roach x7  
Tags
 
Composition
Mech
Matchup
TvZ
Spawn Locations
Cross Positions
Add a new tag
Caveats
  • Supply blocks, unpowered buildings, or Contaminate may cause inaccurate times.
  • Supply counts are checked every 10 seconds.